r e k t, neutral male scurrid Tourist --------- --..*...$-- +.........| |.........| -......i..| -....@..- --------- r e k t the Rambler Experience level: 1 Strength: 15 Dexterity: 11 Constitution: 10 Intelligence: 11 Wisdom: 9 Charisma: 19 Health: 0(9) Energy: 2(2) Def: 0 Gold: 602 Moves: 60 Dungeon seed: BToaYjyOseM95uwi Game ID: r e k t_1498625596 Your Inventory: Coins $ - 602 gold pieces Weapons a - 54 uncursed +2 darts (in quiver) Armor e - an uncursed +0 Hawaiian shirt (being worn) Comestibles b - 3 uncursed food rations c - 2 uncursed tripe rations d - an uncursed tin of jackal meat f - 4 uncursed eggs g - 2 uncursed pears Scrolls i - 4 uncursed scrolls of magic mapping Potions h - 2 uncursed potions of extra healing Wands l - an uncursed wand of secret door detection (0:12) Tools j - an uncursed expensive camera (0:40) k - an uncursed credit card m - an uncursed towel Spells and supernatural/magical abilities: Name Level Category Fail Memory W - pray for help -- divine ? -- Your skills at the end: Miscellaneous Skills wands [Basic] Weapon Skills dart [Basic] Spellcasting Skills Final Attributes: You were devoutly aligned. You had infravision. You were very stealthy. You are dead. Voluntary challenges: You went without food. You did not adorn yourself with jewelry or accessories. You did not cause conflict. You were not invisible. You did not have reflection. You were not displaced. You were an atheist. You never hit with a wielded weapon. You were a pacifist. You did not use tools. You did not use plumbed fixtures. You did not drink any magical draughts. You were illiterate. You never genocided any monsters. You never polymorphed an object. You never changed form. You used no wishes. You never split a pudding. You never wrote Elbereth's name. You never violated your personal moral code. Dungeon overview: The Dungeons of Doom: levels 1 to 16 Level 1 a long staircase Level 2 Level 3 Level 4 Level 5 a sink Level 6 Level 7 Level 8 Level 9 an altar to The Lady Level 10 Level 11 Level 12 Level 13 Level 14 a temple to The Lady Level 15 Level 16 <- You were here History has recorded: On T:1 you entered the Dungeons of Doom to retrieve the Amulet of Yendor! On T:25 you reached level 2 of The Dungeons of Doom. On T:28 you reached level 3 of The Dungeons of Doom. On T:30 you reached level 4 of The Dungeons of Doom. On T:32 you reached level 5 of The Dungeons of Doom. On T:34 you reached level 6 of The Dungeons of Doom. On T:37 you reached level 7 of The Dungeons of Doom. On T:39 you reached level 8 of The Dungeons of Doom. On T:41 you reached level 9 of The Dungeons of Doom. On T:43 you reached level 10 of The Dungeons of Doom. On T:47 you reached level 11 of The Dungeons of Doom. On T:49 you reached level 12 of The Dungeons of Doom. On T:52 you reached level 13 of The Dungeons of Doom. On T:54 you reached level 14 of The Dungeons of Doom. On T:56 you reached level 15 of The Dungeons of Doom. On T:58 you reached level 16 of The Dungeons of Doom. Score breakdown: Gold: 0 ( 0 points) Experience: 1 level ( 0 points) Exploration: 16 levels ( 450 points) Discoveries: 1 item ( 50 points) Variety of kills: 0 monsters ( 0 points) Major goal: (nothing yet) ( 0 points) Survival: died (score multiplied by 3) Total score: 1500 Latest messages: "Pilgrim, you enter a sacred place!" You experience a strange sense of peace. The priest of The Lady drinks a brown potion! The priest of The Lady seems more experienced. You start digging downward. You continue digging downward. You dig a pit in the floor. You continue digging downward. You dig a hole through the floor. You fall through... You start digging downward. You continue digging downward. You dig a pit in the floor. The tengu pecks! You continue digging downward. You dig a hole through the floor. You fall through... You start digging downward. The tengu pecks! You continue digging downward. You dig a pit in the floor. The tengu pecks! You die... Final status: Aloha r e k t the Tourist, killed by a tengu... You died in The Dungeons of Doom on dungeon level 16 with 1500 points, and 602 pieces of gold, after 60 moves. You were level 1 with a maximum of 9 hit points when you died.